 Dungeon Crawl Stone Soup version 0.28.0 (webtiles) character file.

Game seed: 3179612471024566279

128100 PoweredByGinger the Warrior (level 16, -26/143 HPs)
             Began as a Demonspawn Gladiator on Feb 9, 2022.
             Was the Champion of Okawaru.
             Killed from afar by a fire dragon (64 damage)
             ... with a blast of flame
             ... on level 1 of the Depths.
             The game lasted 00:55:57 (30885 turns).

PoweredByGinger the Warrior (Demonspawn Gladiator) Turns: 30885, Time: 00:55:58

Health: -26/143    AC: 29    Str: 29    XL:     16   Next: 47%
Magic:  25/26      EV: 13    Int: 11    God:    Okawaru [******]
Gold:   1623       SH:  5    Dex: 12    Spells: 15/15 levels left

rFire   . . .      SeeInvis +   b - +10 hand axe of a Hundred Things {flame, rElec rN+}
rCold   + . .      Faith    .   (no shield)
rNeg    + . .      Spirit   .   W - +2 plate armour {rC+}
rPois   .          Reflect  +   i - +2 helmet {SInv}
rElec   +          Harm     +   (no cloak)
rCorr   .          Rampage  .   (gloves unavailable)
Will    +....                   s - +2 pair of boots of Hairiness {Harm Str+7}
Stlth   ..........              A - amulet of reflection
HPRegen 2.33/turn               y - +4 ring of protection
MPRegen 0.20/turn               n - +4 ring of slaying

@: heroic, unable to read
A: powered by death 1, spiny 3, demonic touch 3, clumsy 1, inability to read
while threatened
a: Renounce Religion, Heroism, Finesse, Duel


You were on level 1 of the Depths.
You worshipped Okawaru.
Okawaru was exalted by your worship.
You visited 5 branches of the dungeon, and saw 25 of its levels.
You also visited: Ossuary.

You collected 1990 gold pieces.
You spent 367 gold pieces at shops.

Inventory:

Hand Weapons
 a - a +0 vampiric hand axe
 b - the +10 hand axe of a Hundred Things (weapon) {flame, rElec rN+}
   (Okawaru gifted it to you on level 3 of the Lair of Beasts)

   It burns those it strikes, dealing additional fire damage.
   Big, fiery blades are also staple armaments of hydra-hunters.
   rElec:     It insulates you from electricity.
   rN:        It protects you from negative energy.
 P - a +0 war axe
 Q - a +0 battleaxe
 V - a +0 vorpal broad axe
Missiles
 d - a throwing net
 g - 108 poisoned darts (quivered)
 q - 24 boomerangs
 N - 7 silver javelins
 R - 12 curare-tipped darts
 T - 18 javelins
Armour
 i - a +2 helmet of see invisible (worn)
 s - the +2 pair of boots of Hairiness (worn) {Harm Str+7}
   (Okawaru gifted it to you on level 2 of the Lair of Beasts)

   Str:       It affects your strength (+7).
   Harm:      It increases damage dealt and taken.
 S - a +2 ring mail of poison resistance
 W - a +2 plate armour of cold resistance (worn)
Jewellery
 c - a ring of willpower
 n - a +4 ring of slaying (right hand)
 y - a +4 ring of protection (left hand)
 A - an amulet of reflection (around neck)
 C - a +4 ring of protection
 J - a ring of protection from cold
 O - a +6 ring of dexterity
 Z - a ring of protection from fire
Wands
 H - a wand of mindburst (19)
 L - a wand of digging (14)
 X - a wand of flame (5)
Scrolls
 e - 14 scrolls of teleportation
 f - 3 scrolls of enchant weapon {unknown}
 h - a scroll of brand weapon
 u - 5 scrolls of blinking {unknown}
 w - 2 scrolls of silence
 x - a scroll of identify
 z - 6 scrolls of fear
 B - 4 scrolls of noise
 F - a scroll of enchant armour
 G - 7 scrolls of fog
 M - 3 scrolls of magic mapping
 Y - 4 scrolls of immolation
Potions
 k - 8 potions of might
 l - 2 potions of berserk rage
 m - 3 potions of heal wounds
 o - 6 potions of brilliance
 p - a potion of resistance
 r - 6 potions of lignification
 t - 2 potions of ambrosia
 v - 2 potions of magic
 D - 8 potions of attraction
 E - 16 potions of curing
 I - 3 potions of flight
 K - 5 potions of haste
Miscellaneous
 j - a lightning rod (4/4)


   Skills:
 - Level 18.0(23.0) Fighting
 * Level 16.9(21.9) Axes
 - Level 1.7(6.7) Throwing
 + Level 8.3(13.3) Armour
 + Level 8.9(13.9) Dodging
 - Level 13.8 Invocations


You had 15 spell levels left.
You didn't know any spells.
Your spell library contained the following spells:

 Spells                   Type           Power      Damage    Failure   Level
 Apportation              Tloc           0%         N/A       92%         1
 Freeze                   Ice            0%         1d3       92%         1
 Magic Dart               Conj           0%         1d3       92%         1
 Shock                    Conj/Air       0%         1d3       92%         1
 Sting                    Tmut/Pois      0%         1d3       92%         1
 Blink                    Tloc           0%         N/A       98%         2
 Passwall                 Tmut/Erth      0%         N/A       98%         2
 Poisonous Vapours        Pois/Air       0%         N/A       98%         2
 Scorch                   Fire           0%         2d5       98%         2
 Searing Ray              Conj           0%         2d4       98%         2
 Frozen Ramparts          Ice            0%         1d2       100%        3
 Lesser Beckoning         Tloc           0%         N/A       100%        3
 Mephitic Cloud           Conj/Pois/Air  0%         N/A       100%        3
 Portal Projectile        Hex/Tloc       0%         N/A       100%        3
 Swiftness                Air            0%         N/A       100%        3
 Airstrike                Air            0%         N/A       100%        4
 Anguish                  Hex/Necr       0%         N/A       100%        4
 Flame Wave               Conj/Fire      0%         2d4       100%        4
 Fulminant Prism          Conj/Hex       0%         3d6       100%        4
 Hailstorm                Conj/Ice       0%         3d3       100%        4
 Leda's Liquefaction      Hex/Erth       0%         N/A       100%        4
 Olgreb's Toxic Radiance  Pois           0%         N/A       100%        4
 Passage of Golubria      Tloc           0%         N/A       100%        4
 Alistair's Intoxication  Tmut/Pois      0%         N/A       100%        5
 Blade Hands              Tmut           0%         N/A       100%        5
 Borgnjor's Vile Clutch   Necr/Erth      0%         N/A       100%        5
 Manifold Assault         Tloc           0%         N/A       100%        5
 Silence                  Hex/Air        0%         N/A       100%        5
 Yara's Violent Unravell  Hex/Tmut       0%         3d3       100%        5
 Eringya's Noxious Bog    Tmut/Pois      0%         N/A       100%        6
 Iron Shot                Conj/Erth      0%         9d1       100%        6
 Enfeeble                 Hex            0%         N/A       100%        7
 Lehudib's Crystal Spear  Conj/Erth      0%         10d2      100%        8
 Animate Skeleton         Necr           Unusable   N/A       N/A         1
 Summon Small Mammal      Summ           Unusable   N/A       N/A         1
 Call Imp                 Summ           Unusable   N/A       N/A         2
 Call Canine Familiar     Summ           Unusable   N/A       N/A         3
 Tukima's Dance           Hex            Unusable   N/A       N/A         3
 Animate Armour           Summ/Erth      Unusable   N/A       N/A         4
 Summon Mana Viper        Hex/Summ       Unusable   N/A       N/A         5
 Summon Cactus Giant      Summ           Unusable   N/A       N/A         6

Dungeon Overview and Level Annotations

Branches:
Dungeon (15/15)            Temple (1/1) D:6            Lair (6/6) D:11
 Shoals (0/4) Lair:4       Spider (0/4) Lair:3        Slime (0/5) Lair:6
    Orc (2/2) D:10            Elf (0/3) Orc:2        Vaults (0/5) D:14
 Depths (1/4) D:15        Ossuary (visited)

Altars:
Ashenzari
Cheibriados
Dithmenos
Elyvilon
Fedhas
Gozag
Hepliaklqana
Kikubaaqudgha
Makhleb
Nemelex Xobeh
Okawaru
Qazlal
Ru
Sif Muna
Trog
Uskayaw
Vehumet
Wu Jian
Xom
Yredelemnul
Zin
The Shining One
Beogh
Lugonu

Shops:
D:5 *   D:15 [   Orc:2 !((!

Portals:
Abyss: Lair:6

Annotations:
D:12 3 runed translucent doors, BraveToast's ghost, journeyman FoFi; Nissa's ghost, journeyman MiFi; badtown22's ghost, journeyman HOFi
Lair:1 exclusion: oklob plant
Lair:4 1 runed translucent door, Kyusiynim's ghost, journeyman GnEn


Innate Abilities, Weirdness & Mutations

You regenerate a little health from kills.
You are completely covered in sharp spines.
Your touch may irresistibly damage your foes and sap their willpower.
You are clumsy. (Dex -2)
You sometimes lose the ability to read scrolls when taking damage.


Message History

The deep troll earth mage claws you but does no damage.
The fire dragon bites you. You block the fire dragon's attack.
The fire dragon tramples you but does no damage.
You slash the fire dragon! You burn the fire dragon.
You touch the fire dragon.
You sap its willpower!
The fire dragon is heavily wounded.
You closely miss the deep troll earth mage.
Unknown command.
You closely miss the fire dragon.
You touch the fire dragon.
You sap its willpower!
The fire dragon is heavily wounded.
You slash the deep troll earth mage! You burn the deep troll earth mage.
You block the deep troll earth mage's attack.
The deep troll earth mage claws you!
The deep troll earth mage claws you but does no damage.
The fire dragon breathes flames at you. The blast of flame hits you!!
You hear a deafening roar!
You are too injured to fight recklessly!
Unknown command.
You are too injured to fight recklessly!
You cannot read scrolls in your current state!
Unknown command.
You slash the fire dragon!
The fire dragon is severely wounded.
You slash the deep troll earth mage! You burn the deep troll earth mage.
The deep troll earth mage is struck by your spines.
The deep troll earth mage bites you!
* * * LOW HITPOINT WARNING * * *
You block the deep troll earth mage's attack.
The deep troll earth mage claws you but does no damage.
Unknown command.
The deep troll shaman calls upon its god to speed up something.
The deep troll earth mage is struck by your spines.
You kill the deep troll earth mage!
Okawaru accepts your kill.
The troll leather armour is intact enough to wear.
The fire dragon breathes flames at you. The blast of flame hits you!!!
You die...

#..........#................
#..........(............#
#..........#########[#####.#
################...[†......#
#$..T...D#####.#
#.##)####### #DT......
#.######. #@# #.# #.# #.#
#.. ###


You could see a fire dragon (catching breath, weak-willed), a deep troll (fast,
strong) and a deep troll shaman.

Vanquished Creatures
  Rupert (Lair:3)
  Gastronok (D:8)
  An orc warlord (Arena)
  A frost giant (Depths:1)
  3 stone giants (Depths:1)
  Azrael (D:13)
  A dire elephant (D:15)
  A great orb of eyes (Depths:1)
  2 fire dragons
  3 vault guards (D:14)
  A rakshasa (D:13)
  17 hydras
  A centaur warrior (D:15)
  A death knight (D:13)
  5 boulder beetles
  A two-headed ogre (shapeshifter) (D:15)
  8 two-headed ogres
  A deep troll shaman (Depths:1)
  A deep troll earth mage (Depths:1)
  4 orc high priests (Orc:2)
  Urug (Lair:2)
  A tengu warrior (D:15)
  Nergalle (D:10)
  3 thrashing horrors (Lair:6)
  Sonja (Lair:5)
  2 skeletal warriors (D:12)
  An iron troll (Depths:1)
  2 deep trolls (Depths:1)
  A glowing orange brain (Depths:1)
  2 lindwurms
  A necromancer (D:14)
  2 wizards (D:14)
  5 orc knights (Orc:2)
  3 orc sorcerers (Orc:2)
  A wolf spider (D:15)
  6 cyclopes
  A deep elf pyromancer (D:13)
  13 ugly things
  5 manticores
  A salamander (D:15)
  A merfolk siren (Lair:4)
  A guardian serpent (D:12)
  18 elephants
  A black mamba (shapeshifter) (D:14)
  6 black mambas
  2 smoke demons (Lair:6)
  4 gargoyles
  9 cane toads
  12 komodo dragons
  A kobold demonologist (D:10)
  2 unseen horrors (D:12)
  An efreet (D:15)
  2 rime drakes (Lair:6)
  A tengu conjurer (D:15)
  A meliai (Lair:3)
  2 ancient zymes (Lair:6)
  7 polar bears
  4 merfolk
  A hornet (Lair:3)
  A hornet (shapeshifter) (D:14)
  14 slime creatures
  13 trolls
  41 blink frogs
  19 dream sheep
  4 shadows
  A wyvern (shapeshifter) (Lair:6)
  2 spriggans (Lair:6)
  11 wyverns
  2 ynoxinuls (Lair:6)
  2 wraiths
  A large abomination (Lair:6)
  19 humans (D:14)
  A vampire (D:13)
  33 yaks
  6 fire elementals (D:13)
  9 basilisks
  A chaos spawn (Lair:6)
  2 steam dragons
  4 wargs
  A water moccasin (shapeshifter) (D:15)
  19 water moccasins
  2 hell hounds (D:13)
  2 acid dragons
  3 hornet zombies
  43 orc warriors
  4 black bears
  13 ogres
  5 wolves (Lair:5)
  An ice beast (D:3)
  7 centaurs
  3 phantoms
  9 kobold brigands
  16 bullfrogs
  11 small abominations (Lair:6)
  A gnoll sergeant (D:9)
  5 wyvern zombies
  4 water moccasin zombies
  4 scorpions
  A wyvern skeleton (D:6)
  A water moccasin skeleton (D:5)
  25 killer bees
  9 wights
  8 howler monkeys
  7 electric eels
  5 centaur zombies
  8 bullfrog zombies (Ossuary)
  35 orc priests
  A bullfrog skeleton (D:5)
  3 gnoll shamans
  6 hounds
  A centaur skeleton (D:6)
  4 iguanas
  19 orc wizards
  A killer bee zombie (Ossuary)
  12 mummies (Ossuary)
  3 howler monkey zombies
  24 gnolls
  8 adders
  5 shadow imps
  2 white imps
  An adder skeleton (D:5)
  2 worms
  2 dart slugs
  95 orcs
  7 endoplasms
  4 giant cockroaches
  5 goblins
  5 hobgoblins
  A jackal (D:4)
  36 kobolds
  4 quokkas
  9 ball pythons
  6 bats
  3 frilled lizards
  9 kobold skeletons (D:10)
  9 kobold zombies (D:10)
  2 rats (D:2)
911 creatures vanquished.

Vanquished Creatures (others)
  An orc (Orc:2)
  2 kobolds (D:6)
  82 fungi
  86 plants
  4 withered plants
175 creatures vanquished.

Grand Total: 1086 creatures vanquished

Notes
Turn   | Place    | Note
-------+----------+-------------------------------------------
     0 | D:1      | PoweredByGinger the Demonspawn Gladiator began the quest
                  | for the Orb.
     0 | D:1      | Reached XP level 1. HP: 16/16 MP: 1/1
    79 | D:1      | Found a faded altar of an unknown god.
   276 | D:1      | Gained mutation: Your touch may inflict minor irresistible
                  | damage on your foes. [demonic ancestry]
   276 | D:1      | Reached XP level 2. HP: 22/22 MP: 2/2
  1319 | D:1      | Reached XP level 3. HP: 4/27 MP: 3/3
  2115 | D:2      | Gained mutation: You are partially covered in sharp spines.
                  | [demonic ancestry]
  2115 | D:2      | Reached XP level 4. HP: 21/33 MP: 4/4
  2531 | D:2      | Reached skill level 5 in Axes
  3050 | D:3      | Noticed an ice beast
  3054 | D:3      | Killed an ice beast
  3055 | D:3      | Reached XP level 5. HP: 25/38 MP: 5/5
  3286 | D:3      | Found a blossoming altar of Fedhas.
  3771 | D:3      | Found an opulent altar of Gozag.
  3803 | D:3      | Reached XP level 6. HP: 44/44 MP: 6/6
  4257 | D:4      | Gained mutation: You are mostly covered in sharp spines.
                  | [demonic ancestry]
  4257 | D:4      | Reached XP level 7. HP: 50/50 MP: 7/7
  4550 | D:4      | Found a sand-covered staircase.
  4555 | Ossuary  | Entered an ossuary
  4823 | Ossuary  | Gained mutation: You regenerate a little health from kills.
                  | [demonic ancestry]
  4823 | Ossuary  | Reached XP level 8. HP: 34/56 MP: 8/8
  5118 | Ossuary  | Reached skill level 10 in Axes
  5792 | D:4      | Gained mutation: Your spells are a little harder to cast,
                  | but a little more powerful. [potion of mutation]
  5792 | D:4      | Gained mutation: You sometimes lose the ability to read
                  | scrolls when taking damage. [potion of mutation]
  5792 | D:4      | Gained mutation: Your flesh is heat resistant. (rF+)
                  | [potion of mutation]
  5792 | D:4      | Gained mutation: Your movements are slightly less
                  | encumbered by armour. (ER -2) [potion of mutation]
  5824 | D:5      | Entered Level 5 of the Dungeon
  6189 | D:5      | Found Yrasyn's Specific Store.
  6231 | D:5      | Reached XP level 9. HP: 48/61 MP: 9/9
  6434 | D:5      | Reached skill level 3 in Fighting
  6534 | D:5      | Found Buceth's General Store.
  6543 | D:5      | Bought a scroll of identify for 26 gold pieces
  7018 | D:6      | Reached skill level 4 in Fighting
  7474 | D:6      | Found a staircase to the Ecumenical Temple.
  7518 | Temple   | Entered the Ecumenical Temple
  7665 | Temple   | Became a worshipper of Warmaster Okawaru
  8358 | D:7      | Reached skill level 5 in Fighting
  8458 | D:7      | Found a burning altar of Makhleb.
  9007 | D:8      | Reached XP level 10. HP: 67/75 MP: 10/10
  9011 | D:8      | Reached * piety under Okawaru
  9113 | D:8      | Reached skill level 6 in Fighting
  9318 | D:8      | Noticed Gastronok
  9346 | D:8      | Killed Gastronok
  9346 | D:8      | Reached ** piety under Okawaru
  9347 | D:8      | Reached skill level 8 in Fighting
  9721 | D:8      | Reached skill level 9 in Fighting
  9723 | D:8      | Reached *** piety under Okawaru
  9730 | D:8      | Noticed a seven-headed hydra
  9751 | D:8      | Killed a four-headed hydra
  9752 | D:8      | Reached skill level 10 in Fighting
  9831 | D:8      | Found the +1 robe of Vines {NoPotionHeal Regen++++}
 10525 | D:9      | Reached **** piety under Okawaru
 10534 | D:9      | Received a gift from Okawaru
 10535 | D:9      | Reached XP level 11. HP: 59/92 MP: 11/11
 10620 | D:9      | Reached skill level 11 in Fighting
 10695 | D:9      | Received a gift from Okawaru
 11129 | D:10     | Entered Level 10 of the Dungeon
 11367 | D:10     | Found a shadowy altar of Dithmenos.
 11439 | D:10     | Found a stormy altar of Qazlal.
 11541 | D:10     | Reached skill level 12 in Fighting
 11573 | D:10     | Found a staircase to the Orcish Mines.
 11735 | D:10     | Received a gift from Okawaru
 11753 | D:10     | Found an ancient bone altar of Kikubaaqudgha.
 11758 | D:10     | Noticed a soul eater
 11851 | D:10     | Received a gift from Okawaru
 12402 | D:11     | Found a bloodstained altar of Trog.
 12412 | D:11     | Noticed Nergalle
 12474 | D:10     | Killed Nergalle
 12475 | D:10     | Reached skill level 1 in Armour
 12719 | D:11     | Reached ***** piety under Okawaru
 12878 | D:11     | Received a gift from Okawaru
 12879 | D:11     | Reached skill level 13 in Fighting
 12900 | D:11     | Noticed a two-headed ogre
 12914 | D:11     | Killed a two-headed ogre
 13452 | D:11     | Noticed a purple ugly thing
 13480 | D:11     | Killed a purple ugly thing
 13489 | D:11     | Received a gift from Okawaru
 13700 | D:11     | Reached XP level 12. HP: 105/105 MP: 12/12
 13866 | D:11     | Found a staircase to the Lair.
 14299 | D:12     | Noticed a six-headed hydra
 14323 | Lair:1   | Entered Level 1 of the Lair of Beasts
 15808 | Lair:2   | Noticed a boulder beetle
 15842 | Lair:2   | Killed a boulder beetle
 16078 | Lair:2   | Reached skill level 14 in Fighting
 16152 | Lair:2   | Noticed a boulder beetle
 16156 | Lair:2   | Noticed an eight-headed hydra
 16169 | Lair:2   | Killed a four-headed hydra
 16169 | Lair:2   | Identified the +2 pair of boots of Hairiness {Harm Str+7}
                  | (Okawaru gifted it to you on level 2 of the Lair of Beasts)
 16169 | Lair:2   | Received a gift from Okawaru
 16314 | Lair:3   | Reached skill level 5 in Dodging
 16332 | Lair:3   | Found a hole to the Spider Nest.
 16495 | Lair:3   | Found a blossoming altar of Fedhas.
 16965 | Lair:3   | Noticed a five-headed hydra
 16976 | Lair:3   | Killed a one-headed hydra
 16977 | Lair:3   | Gained mutation: Your touch may inflict irresistible damage
                  | on your foes. [demonic ancestry]
 16977 | Lair:3   | Reached XP level 13. HP: 104/114 MP: 13/13
 17107 | Lair:3   | Noticed Rupert
 17129 | Lair:3   | Killed Rupert
 17224 | Lair:3   | Reached skill level 5 in Armour
 17314 | Lair:3   | Reached skill level 15 in Fighting
 17376 | Lair:3   | Identified the +10 hand axe of a Hundred Things {flame,
                  | rElec rN+} (Okawaru gifted it to you on level 3 of the Lair
                  | of Beasts)
 17376 | Lair:3   | Received a gift from Okawaru
 17777 | Lair:2   | Noticed Urug
 17798 | Lair:2   | Killed Urug
 18416 | Lair:4   | Found a staircase to the Shoals.
 18605 | Lair:4   | Identified the +0 buckler of the Devil {+Blink SInv}
                  | (Okawaru gifted it to you on level 4 of the Lair of Beasts)
 18605 | Lair:4   | Received a gift from Okawaru
 18614 | Lair:4   | Noticed Kyusiynim's ghost (journeyman GnEn)
 18626 | Lair:4   | Found a runed translucent door.
 18766 | Lair:4   | Reached skill level 15 in Axes
 19455 | Lair:5   | Noticed Sonja
 19459 | Lair:5   | Reached skill level 1 in Invocations
 19477 | Lair:5   | Killed Sonja
 19621 | Lair:5   | Reached skill level 5 in Invocations
 19626 | Lair:5   | Gained mutation: Your touch may irresistibly damage your
                  | foes and sap their willpower. [demonic ancestry]
 19626 | Lair:5   | Reached XP level 14. HP: 118/123 MP: 16/18
 20487 | Lair:6   | Entered Level 6 of the Lair of Beasts
 20642 | Lair:5   | Reached skill level 10 in Invocations
 20644 | Lair:5   | Reached ****** piety under Okawaru
 20956 | Lair:6   | Received a gift from Okawaru
 21048 | Lair:6   | Found a staircase to the Slime Pits.
 21242 | Lair:6   | Received a gift from Okawaru
 21922 | Lair:6   | Reached skill level 16 in Fighting
 22633 | Lair:6   | Found a corrupted altar of Lugonu.
 22633 | Lair:6   | Found a one-way gate to the infinite horrors of the Abyss.
 22933 | Orc:1    | Entered Level 1 of the Orcish Mines
 23275 | Orc:2    | Entered Level 2 of the Orcish Mines
 23317 | Orc:2    | Gained mutation: You are completely covered in sharp
                  | spines. [demonic ancestry]
 23317 | Orc:2    | Reached XP level 15. HP: 132/132 MP: 25/25
 23777 | Orc:2    | Received a gift from Okawaru
 23784 | Orc:2    | Reached skill level 17 in Fighting
 23813 | Orc:2    | Found Eledaenn's Distillery.
 23827 | Orc:2    | Bought a potion of mutation for 88 gold pieces
 23827 | Orc:2    | Lost mutation: Your movements are slightly less encumbered
                  | by armour. (ER -2) [potion of mutation]
 23827 | Orc:2    | Lost mutation: Your spells are a little harder to cast, but
                  | a little more powerful. [potion of mutation]
 23827 | Orc:2    | Lost mutation: Your flesh is heat resistant. (rF+) [potion
                  | of mutation]
 23827 | Orc:2    | Gained mutation: You are clumsy. (Dex -2) [potion of
                  | mutation]
 23835 | Orc:2    | Found Tehal's Antique Weapon Shop.
 24035 | Orc:2    | Got the Handbook of the Enchanting Rocks
 24055 | Orc:2    | Noticed an orc warlord
 24089 | Arena    | Entered the Arena
 24098 | Arena    | Killed an orc warlord
 24317 | Orc:2    | Found Seytotra's Weapon Shoppe.
 24431 | Orc:2    | Found Loynyul's Distillery.
 24497 | Orc:2    | Bought a potion of heal wounds for 55 gold pieces
 24497 | Orc:2    | Bought a potion of might for 44 gold pieces
 24497 | Orc:2    | Bought a potion of berserk rage for 55 gold pieces
 24497 | Orc:2    | Bought a potion of curing for 33 gold pieces
 24497 | Orc:2    | Bought 2 potions of curing for 66 gold pieces
 24917 | Orc:2    | Found a staircase to the Elven Halls.
 25047 | Orc:2    | Reached skill level 18 in Fighting
 26142 | D:12     | Found a runed translucent gate.
 26143 | D:12     | Found a runed translucent gate.
 26143 | D:12     | Found a runed translucent gate.
 26144 | D:12     | Noticed Nissa's ghost (journeyman MiFi)
 26145 | D:12     | Noticed badtown22's ghost (journeyman HOFi)
 26145 | D:12     | Noticed BraveToast's ghost (journeyman FoFi)
 26601 | D:13     | Noticed Azrael
 26622 | D:13     | Killed Azrael
 26622 | D:13     | Identified the +0 plate armour "Jeuxer" {Int+4} (Okawaru
                  | gifted it to you on level 13 of the Dungeon)
 26622 | D:13     | Received a gift from Okawaru
 28675 | D:14     | Found a gate to the Vaults.
 28687 | D:14     | Reached XP level 16. HP: 110/143 MP: 26/26
 28946 | D:14     | Found a shimmering blue altar of Sif Muna.
 29323 | D:15     | Entered Level 15 of the Dungeon
 29398 | D:15     | Identified the +3 ring mail "Syachua" {rF+ rC+ rCorr Str+3}
 29477 | D:15     | Found a staircase to the Depths.
 29724 | D:15     | Found Relal's Antique Armour Boutique.
 29934 | D:15     | Found an iron altar of Okawaru.
 30269 | D:15     | Received a gift from Okawaru
 30754 | Depths:1 | Entered Level 1 of the Depths
 30885 | Depths:1 | Killed from afar by a fire dragon

Illustrated notes

Levels and vault maps discovered:
D:1:      eino_arrival_cavern_b, layout_loops_corners,
          shapermc_ecumenical_altar_venn
D:2:      layout_basic, chequers_serial_rivers_micro_c
D:3:      layout_loops_ring, lemuel_doored_altar, mainiacjoe_overflow_brackets
D:4:      minmay_spotlight, layout_cave_pods, serial_column_ruins,
          column_ruins_hut, column_ruins_hut_pillars, column_ruins_grid_1,
          column_ruins_open_tiny, column_ruins_open_large,
          column_ruins_columns_straight, column_ruins_grid_2, enter_ossuary_5,
          minmay_bisected
D:5:      layout_rooms, minivault_27, nicolae_specific_store
D:6:      layout_loops_ring, minmay_temple_entry_offerings,
          amcnicky_mini_pool_medium
D:7:      layout_gridville, amethyst_overflow_temple_binary, minivault_24
D:8:      layout_basic, hellmonk_guarded_unrand_vines, uniq_gastronok
D:9:      cheibrodos_helix_gallery, layout_rooms
D:10:     wander_kiku_kobolds, layout_irregular_city, grunt_qazlal_clouds,
          nicolae_dithmenos_through_a_glass_darkly
D:11:     layout_rooms, due_lair_maze_entry_diamond, trog_ov_bears_minmay,
          uniq_nergalle
D:12:     minmay_s_stair_smasher, layout_loops_ring, gammafunk_ghost_cemetery,
          portal_ice_cave_entry_pillars_1, nrook_guardian_serpent_double
D:13:     layout_irregular_city, gauntlet_entry_generic, uniq_azrael
D:14:     layout_irregular_city, grunt_vaults_entry_tiered,
          lemuel_blue_sif_altar
D:15:     hangedman_depths_entry_try_elsewhere_first, layout_loops_cross,
          hangedman_abyss_or_decor_stabs, serial_shops, nicolae_shop_crystal,
          okawaru_trees_1
Temple:   eino_temple_rhombus
Lair:1:   layout_cave_pods, minmay_lair_oklob_bushes,
          hangedman_lair_unloving_vines, disabler_island, grunt_megastairs_3,
          infiniplex_staircase_pool_2, serial_bayou_shore_b
Lair:2:   layout_regular_city, grunt_megastairs_2, uniq_urug
Lair:3:   nzn_winding_woodlands_stair_trap
          [nzn_winding_woodlands_5x15_split_checker,
          nzn_winding_woodlands_5x15_cabin, nzn_winding_woodlands_5x15_parted,
          nzn_winding_woodlands_15x15_killbox,
          nzn_winding_woodlands_5x15_garden,
          nzn_winding_woodlands_5x15_sawtooth,
          nzn_winding_woodlands_5x15_pockets], layout_chaotic_city,
          hellmonk_spider_entry_not_the_bees, basic_altar, uniq_rupert
Lair:4:   beast_lair_carwin_large_1, layout_small_grid,
          elwin_shoals_entry_stream, hellmonk_ghost_happy_afterlife
Lair:5:   layout_regular_city, serial_bayou_shore_b, uniq_sonja
Lair:6:   hellmonk_lair_end_abyssal_woods, layout_gridlike, slime_dummy,
          infiniplex_staircase_pool
Orc:1:    layout_caves
Orc:2:    pubby_orc_utopia, serial_shops
Depths:1: layout_gridlike, elyvilon_altar_3, hell_entry,
          hangedman_decor_growths, minmay_misc_feat_four_crosses,
          nicolae_figureground_pulse

Skill      XL: |  1  2  3  4  5  6  7  8  9 10 11 12 13 14 15 16 |
---------------+-------------------------------------------------+-----
Axes           | 3 4 5 6 7 9 11 12 13 14 15 16 | 16.9
Fighting       | 5 10 13 14 15 16 18 | 18.0
Armour         | 2 4 6 7 8 |  8.3
Dodging        | 3 5 6 7 8 |  8.9
Invocations    | 5 13 | 13.8
Throwing       | |  1.7

Action                   |  1- 3 |  4- 6 |  7- 9 | 10-12 | 13-15 | 16-18 || total
-------------------------+-------+-------+-------+-------+-------+-------++-------
Melee: War axe           |    73 |    91 |   186 |       |       |       ||   350
       Touch             |    11 |    12 |    89 |   257 |   204 |    31 ||   604
       Punch             |     1 |       |     9 |    20 |    18 |     3 ||    51
       Hand axe          |       |       |   196 |   980 |  1036 |   145 ||  2357
Throw: Throwing net      |     1 |       |     1 |     2 |     3 |       ||     7
       Boomerang         |       |       |     2 |     7 |       |       ||     9
       Dart              |       |       |       |       |     1 |       ||     1
Invok: Heroism           |       |       |       |     3 |     4 |     1 ||     8
       Finesse           |       |       |       |       |     2 |     1 ||     3
       Duel              |       |       |       |       |     1 |       ||     1
Evoke: Wand              |       |     1 |       |    14 |     9 |       ||    24
  Use: Scroll            |       |     1 |     7 |     5 |    15 |       ||    28
       Potion            |       |       |     1 |     1 |     5 |     1 ||     8
 Stab: Sleeping          |     1 |     2 |       |       |       |       ||     3
       Held in net/web   |       |       |       |     7 |     3 |       ||    10
Armor: Leather armour    |    28 |    22 |       |       |       |       ||    50
       Ring mail         |       |     6 |   117 |   285 |   260 |       ||   668
       Plate armour      |       |       |       |       |    96 |    71 ||   167
Dodge: Dodged            |    66 |    52 |   162 |   379 |   363 |    49 ||  1071
Block: Other             |       |       |     8 |   193 |   166 |    24 ||   391
       Reflection        |       |       |       |     9 |     3 |     4 ||    16
